[Event "Titled Tuesday Blitz July 25 Late 2023"]
[White "Szyszylo, Rafal"]
[Black "Korchmar, Vasiliy"]
[WhiteFideId "1109626"]
[BlackFideId "24131750"]
[WhiteElo "2446"]
[BlackElo "2689"]
[Result "0-1"]
[Round "5"]
[TimeControl "180+2"]
[Date "2023.07.25"]
[WhiteClock "0:00:00"]
[BlackClock "0:01:06"]
[Board "75"]

1. e4 c5 2. Nc3 d6 3. f4 Nc6 4. Nf3 g6 5. Bb5 Bd7 6. d3 Bg7 7. O-O Nd4 8. Bxd7+ Qxd7 9. Kh1 e6 10. f5 gxf5 11. Bg5 Ne7 12. Nxd4 cxd4 13. exf5 Nxf5 14. Ne4 h6 15. Nf6+ Bxf6 16. Bxf6 Rg8 17. Rxf5 exf5 18. Qe1+ Qe6 19. Qh4 Rg4 20. Qxh6 Kd7 21. Bg5 Qe2 0-1


[Site "https://www.chess.com"]

[Event "Titled Tuesday Blitz July 25 Late 2023"]
[White "Ismayil, Malak"]
[Black "Dimitrov, Atanas"]
[WhiteFideId "13412604"]
[BlackFideId "2901315"]
[WhiteElo "2444"]
[BlackElo "2688"]
[Result "0-1"]
[Round "5"]
[TimeControl "180+2"]
[Date "2023.07.25"]
[WhiteClock "0:00:03"]
[BlackClock "0:00:37"]
[Board "76"]

1. e4 c5 2. Nf3 d6 3. Bb5+ Bd7 4. Bxd7+ Nxd7 5. O-O Ngf6 6. Re1 g6 7. c3 c4 8. d4 cxd3 9. Qxd3 Bg7 10. Bg5 O-O 11. Nbd2 Rc8 12. Rad1 h6 13. Be3 Qc7 14. h3 Rfd8 15. Nd4 a6 16. f4 Nc5 17. Qb1 b5 18. Bf2 e5 19. N4f3 exf4 20. Bd4 Ne6 21. Nb3 Re8 22. Bxf6 Bxf6 23. Qd3 Rcd8 24. Qd5 Qb6+ 25. Kh1 Nc7 26. Qd2 Ne6 27. Nbd4 Nxd4 28. cxd4 g5 29. Nh2 Bg7 30. h4 d5 31. e5 Qg6 32. Qf2 Rc8 33. Rc1 Rc4 34. b3 Rc6 35. hxg5 hxg5 36. Rxc6 Qxc6 37. Nf3 Qg6 38. Rc1 Qh5+ 39. Kg1 g4 40. Ne1 Bh6 41. Rc6 Bg5 42. Nd3 f3 43. gxf3 gxf3 44. Qg3 Kh7 45. Rc7 Rg8 46. Kf1 Qh1+ 47. Qg1 Qxg1+ 48. Kxg1 Bd8+ 49. Kf2 Bxc7 50. Kxf3 Bb6 51. Nf4 Bxd4 52. Nxd5 Bxe5 53. Ke4 f6 54. Kf5 Rg2 0-1


[Site "https://www.chess.com"]

[Event "Titled Tuesday Blitz July 25 Late 2023"]
[White "Goncalves, Davi Sulzbacher"]
[Black "Goltsev, Dmitry"]
[WhiteFideId "2154510"]
[BlackFideId "24176710"]
[WhiteElo "2442"]
[BlackElo "2675"]
[Result "0-1"]
[Round "5"]
[TimeControl "180+2"]
[Date "2023.07.25"]
[WhiteClock "0:00:00"]
[BlackClock "0:00:10"]
[Board "77"]

1. e4 e6 2. Nf3 d5 3. exd5 exd5 4. d4 Nf6 5. Bd3 c5 6. O-O Be7 7. c4 O-O 8. Nc3 Nc6 9. Bg5 cxd4 10. Bxf6 dxc3 11. Bxc3 dxc4 12. Bxc4 Bg4 13. Bd5 Bf6 14. Bxc6 bxc6 15. Qxd8 Rfxd8 16. Bxf6 gxf6 17. Rfc1 Rd6 18. Rc3 Re8 19. h3 Bxf3 20. Rxf3 Re2 21. b4 Kg7 22. Rg3+ Kf8 23. a3 Ke7 24. Rc1 f5 25. Rf3 Ke6 26. Rc5 Re5 27. Rcc3 h5 28. h4 Rd1+ 29. Kh2 Kd5 30. Kg3 Rd4 31. Rc5+ Kd6 32. Rxf5 Rd3+ 33. f3 Re6 34. Rxh5 Rxa3 35. Rhg5 Rb3 36. Rc4 Rb2 37. h5 Ke7 38. Kh3 Re1 39. Re4+ Rxe4 40. fxe4 Rxb4 41. h6 Rb8 42. h7 Rh8 43. Rh5 Kf6 44. Kg4 Kg6 45. Rg5+ Kxh7 46. Kf5 Rg8 47. Rh5+ Kg7 48. e5 Ra8 49. g4 a5 50. Rh1 a4 51. Ra1 a3 52. g5 a2 53. Ke4 Ra4+ 54. Kd3 Kg6 55. Kc3 Kxg5 56. Kb3 Ra6 0-1


[Site "https://www.chess.com"]

[Event "Titled Tuesday Blitz July 25 Late 2023"]
[White "Ladan, Nicholas"]
[Black "Gubajdullin, Alexei"]
[WhiteFideId "30918855"]
[BlackFideId "4141202"]
[WhiteElo "2440"]
[BlackElo "2672"]
[Result "0-1"]
[Round "5"]
[TimeControl "180+2"]
[Date "2023.07.25"]
[WhiteClock "0:00:00"]
[BlackClock "0:01:19"]
[Board "78"]

1. d4 d5 2. c4 c6 3. Nf3 Nf6 4. g3 a6 5. Bg2 b5 6. b3 Bf5 7. O-O e6 8. Nc3 Bb4 9. Bb2 O-O 10. Nh4 Bg4 11. h3 Bh5 12. g4 Bg6 13. Nxg6 hxg6 14. Qd3 Nbd7 15. a3 Be7 16. e4 bxc4 17. bxc4 Nb6 18. cxd5 cxd5 19. e5 Nfd7 20. f4 Nc4 21. Bc1 Rb8 22. f5 gxf5 23. gxf5 Bg5 24. fxe6 fxe6 25. Nxd5 Rxf1+ 26. Qxf1 Bxc1 27. Qxc4 Bb2 28. Rf1 Nb6 29. Qc6 Bxd4+ 30. Kh1 exd5 31. Qe6+ Kh8 32. Qg4 Be3 33. e6 Qg5 34. Qb4 Re8 35. Qd6 Kh7 36. a4 a5 0-1


[Site "https://www.chess.com"]

[Event "Titled Tuesday Blitz July 25 Late 2023"]
[White "Arnold, Ken"]
[Black "Velikanov, Alexander"]
[WhiteFideId "2056836"]
[BlackFideId "2039290"]
[WhiteElo "2439"]
[BlackElo "2663"]
[Result "0-1"]
[Round "5"]
[TimeControl "180+2"]
[Date "2023.07.25"]
[WhiteClock "0:00:00"]
[BlackClock "0:00:12"]
[Board "79"]

1. d4 g6 2. c4 Bg7 3. Nf3 e6 4. Nbd2 d5 5. e3 Ne7 6. Bd3 O-O 7. O-O c5 8. cxd5 Nxd5 9. dxc5 Nxe3 10. fxe3 Qxd3 11. Nb3 Qe4 12. Ng5 Qa4 13. Qc2 Nc6 14. Bd2 e5 15. Rf2 f5 16. Raf1 h6 17. Nf3 Be6 18. e4 fxe4 19. Ne1 Bxb3 20. axb3 Qd4 21. Bc3 Qe3 22. Kh1 Nd4 23. Bxd4 exd4 24. Qc4+ Kh7 25. Nc2 Qxf2 26. Rxf2 Rxf2 27. h4 d3 28. Ne3 Re8 29. h5 gxh5 30. Qd5 Re5 0-1


[Site "https://www.chess.com"]

[Event "Titled Tuesday Blitz July 25 Late 2023"]
[White "Shuvalova, Polina"]
[Black "Necromon"]
[WhiteFideId "24171760"]
[WhiteElo "2635"]
[BlackElo "2438"]
[Result "0-1"]
[Round "5"]
[TimeControl "180+2"]
[Date "2023.07.25"]
[WhiteClock "0:00:00"]
[BlackClock "0:00:20"]
[Board "80"]

1. e4 c5 2. Nf3 Nc6 3. c4 g6 4. Nc3 Bg7 5. d3 d6 6. Be2 e5 7. Bg5 f6 8. Be3 Nge7 9. h4 f5 10. Bg5 h6 11. Bxe7 Qxe7 12. h5 g5 13. exf5 Bxf5 14. Nd5 Qf7 15. Nd2 Be6 16. Ne4 O-O-O 17. Bg4 Rhf8 18. Bxe6+ Qxe6 19. Qd2 Kb8 20. a3 Ne7 21. Nec3 e4 22. O-O-O Nxd5 23. cxd5 Qf6 24. dxe4 Qxf2 25. g4 Be5 26. Qxf2 Rxf2 27. Rdf1 Rdf8 28. Rxf2 Rxf2 29. Nd1 Rf4 30. Ne3 Rxe4 31. Nf5 Rxg4 32. Nxh6 Rh4 33. Rf1 Bf4+ 34. Kc2 Rxh5 35. Nf7 Kc7 36. Re1 Kd7 37. Re6 Rh7 38. Rf6 Ke7 0-1


[Site "https://www.chess.com"]

[Event "Titled Tuesday Blitz July 25 Late 2023"]
[White "Serban, Cristian-Stefan"]
[Black "ArtemDyachuk"]
[WhiteFideId "1241443"]
[WhiteElo "2438"]
[BlackElo "2601"]
[Result "1-0"]
[Round "5"]
[TimeControl "180+2"]
[Date "2023.07.25"]
[WhiteClock "0:00:57"]
[BlackClock "0:00:00"]
[Board "81"]

1. d4 Nf6 2. Bf4 e6 3. e3 b6 4. Qf3 d5 5. Nc3 a6 6. O-O-O Bb7 7. g4 c5 8. g5 Nfd7 9. h4 Nc6 10. h5 cxd4 11. exd4 Be7 12. g6 Bf6 13. Nge2 hxg6 14. hxg6 Rxh1 15. gxf7+ Kxf7 16. Qxh1 b5 17. Qh5+ Kg8 18. Bh3 Qe8 19. Qxe8+ Rxe8 20. a3 Bc8 21. Be3 Nb6 22. b3 Bd7 23. Rg1 Kf7 24. Kd2 Rh8 25. Bg4 Nd8 26. Kd3 Nb7 27. Nf4 a5 28. Bh5+ Kg8 29. Nce2 Nd6 30. Ng3 Nf7 31. Bg4 Nd8 32. Bd2 b4 33. axb4 Bb5+ 34. Ke3 axb4 35. Nxe6 Kf7 36. Nxd8+ Rxd8 37. Bxb4 Re8+ 38. Kd2 Bxd4 39. Bh5+ g6 40. Bxg6+ Kxg6 41. Ne2+ Kf7 42. Nxd4 Bd7 43. Bc5 Nc8 44. b4 Rh8 45. Rg2 1-0


[Site "https://www.chess.com"]

[Event "Titled Tuesday Blitz July 25 Late 2023"]
[White "Bettalli, Francesco"]
[Black "Zavgorodniy, Sergiy"]
[WhiteFideId "2816453"]
[BlackFideId "14110148"]
[WhiteElo "2435"]
[BlackElo "2597"]
[Result "0-1"]
[Round "5"]
[TimeControl "180+2"]
[Date "2023.07.25"]
[WhiteClock "0:00:05"]
[BlackClock "0:00:55"]
[Board "82"]

1. e4 c6 2. d4 d5 3. e5 Bf5 4. Nc3 e6 5. g4 Bg6 6. Nge2 c5 7. h4 cxd4 8. Nxd4 h5 9. g5 Ne7 10. Bh3 Nbc6 11. f4 Nxd4 12. Qxd4 Bxc2 13. Be3 Nf5 14. Bxf5 Bxf5 15. Rc1 a6 16. Kf2 Be7 17. Na4 O-O 18. Nb6 Rb8 19. Rc3 f6 20. exf6 gxf6 21. Rhc1 Be4 22. Rc7 e5 23. Qd1 d4 24. Qb3+ Kh8 25. Rd7 dxe3+ 26. Qxe3 exf4 27. Qd4 Qe8 28. Rcc7 Rd8 29. Rxd8 Bxd8 30. gxf6 Bxc7 31. f7+ Qe5 32. Qxe5+ Bxe5 33. Nd7 Bd4+ 34. Ke2 Rxf7 0-1


[Site "https://www.chess.com"]

[Event "Titled Tuesday Blitz July 25 Late 2023"]
[White "Andrej2004"]
[Black "Mickiewicz, Piotr"]
[BlackFideId "1114891"]
[WhiteElo "2587"]
[BlackElo "2432"]
[Result "0-1"]
[Round "5"]
[TimeControl "180+2"]
[Date "2023.07.25"]
[WhiteClock "0:00:24"]
[BlackClock "0:00:14"]
[Board "83"]

1. d4 d6 2. e4 g6 3. Nf3 Bg7 4. Nc3 Nf6 5. h3 c6 6. a4 a5 7. Be3 Na6 8. Bc4 O-O 9. O-O Nb4 10. e5 Nfd5 11. Qe2 Nxe3 12. fxe3 dxe5 13. dxe5 Qc7 14. e6 Bxe6 15. Bxe6 fxe6 16. Qc4 Nd5 17. e4 b5 18. axb5 cxb5 19. Qb3 Qb6+ 20. Kh1 Nxc3 21. bxc3 a4 22. Qb4 Rfc8 23. e5 Qc5 24. Qg4 Ra6 25. Qh4 h6 26. Qg4 Qc4 27. Qxg6 Rf8 28. Nd2 Qc8 29. Rxf8+ Qxf8 30. Rf1 Qb8 31. Nf3 a3 32. Nd2 a2 33. Nb3 Qxe5 34. Rd1 Ra8 35. h4 Qxc3 36. Qxe6+ Kh8 37. Qf5 a1=Q 38. Nxa1 Rxa1 39. Qc8+ Kh7 40. Qf5+ Kg8 41. Qe6+ Kf8 42. Qf5+ Bf6 43. Rxa1 Qxa1+ 44. Kh2 Qe5+ 45. Qxe5 Bxe5+ 46. Kh3 e6 47. Kg4 Kf7 48. Kh5 Kg7 49. g4 Bc3 50. g5 b4 51. gxh6+ Kh7 52. Kg5 e5 53. Kf5 Kxh6 54. Ke4 Kh5 55. Kd3 Kxh4 56. Ke4 Kg3 57. Kf5 Kf3 0-1


[Site "https://www.chess.com"]

[Event "Titled Tuesday Blitz July 25 Late 2023"]
[White "Dias, Paulo"]
[Black "Pham, Le Thao Nguyen"]
[WhiteFideId "1900803"]
[BlackFideId "12401226"]
[WhiteElo "2430"]
[BlackElo "2569"]
[Result "0-1"]
[Round "5"]
[TimeControl "180+2"]
[Date "2023.07.25"]
[WhiteClock "0:00:17"]
[BlackClock "0:00:14"]
[Board "84"]

1. Nf3 d5 2. d4 c6 3. Bf4 Qb6 4. Qc1 Bf5 5. c3 Nd7 6. e3 h6 7. Nbd2 Ngf6 8. h3 e6 9. Be2 Be7 10. O-O O-O 11. Re1 Rac8 12. Bd1 Rfe8 13. Bc2 Bf8 14. Ne5 Nxe5 15. Bxe5 Nd7 16. Bg3 Bxc2 17. Qxc2 e5 18. Qb3 f6 19. a4 a5 20. Rac1 Kh8 21. dxe5 fxe5 22. c4 Bb4 23. Red1 Bxd2 24. Qxb6 Nxb6 25. Rxd2 Nxc4 26. Rdc2 e4 27. b3 Ne5 28. Bxe5 Rxe5 29. Rc5 Ra8 30. Kf1 Ree8 31. Ke2 Kg8 32. Rb1 Kf7 33. Kd2 Ke6 34. Kc3 Kd6 35. Kd4 b6 36. Rc2 c5+ 37. Kc3 Ke5 38. Rd1 Rac8 39. Rcd2 d4+ 40. Kc4 Red8 41. Kb5 Rd6 42. Rc2 Rf8 43. exd4+ cxd4 44. Rdd2 g5 45. Rc6 Rff6 46. Rc4 e3 47. fxe3 dxe3 48. Re2 Rd3 49. b4 Rf2 50. Re1 e2 51. bxa5 bxa5 52. Rc2 Re3 53. Kxa5 Ke4 54. Rd2 Rxg2 55. Kb6 Kf3 56. a5 Kf2 57. Ra1 Rg1 58. Raa2 Rb1+ 59. Kc7 Kf1 60. a6 e1=Q 61. a7 Rc3+ 62. Kd7 Rb7+ 63. Kd6 Qe7+ 64. Kd5 Rc5+ 65. Kd4 Qe5+ 66. Kd3 Rc3# 0-1


[Site "https://www.chess.com"]

[Event "Titled Tuesday Blitz July 25 Late 2023"]
[White "Ozates, Tuna"]
[Black "Pasti, Aron"]
[WhiteFideId "6354521"]
[BlackFideId "785857"]
[WhiteElo "2569"]
[BlackElo "2427"]
[Result "1-0"]
[Round "5"]
[TimeControl "180+2"]
[Date "2023.07.25"]
[WhiteClock "0:02:11"]
[BlackClock "0:00:41"]
[Board "85"]

1. e4 e5 2. Nf3 Nc6 3. Bb5 a6 4. Ba4 Nf6 5. d3 Bc5 6. O-O b5 7. Bb3 d6 8. c3 Bg4 9. Nbd2 O-O 10. h3 Bh5 11. Re1 Re8 12. Nf1 d5 13. Qe2 dxe4 14. dxe4 Na5 15. Bc2 Nc4 16. Ng3 Bg6 17. Nh4 Nd6 18. Bg5 h6 19. Be3 Bxe3 20. Qxe3 Bxe4 21. Nxe4 Nfxe4 22. Bxe4 Qxh4 23. Bxa8 Rxa8 24. Qxe5 Re8 25. Qd4 Qd8 26. Rxe8+ Qxe8 27. Qe3 Qxe3 28. fxe3 Nc4 29. a4 Nxb2 30. axb5 axb5 31. Rb1 Nc4 32. Rxb5 Nd6 33. Rc5 Ne8 34. e4 Kf8 35. Kf2 Ke7 36. Ke3 Kd6 37. Rd5+ Ke6 38. Kd4 Nd6 39. Re5+ Kd7 40. Ra5 Kc6 41. e5 Nb5+ 42. Kc4 1-0


[Site "https://www.chess.com"]

[Event "Titled Tuesday Blitz July 25 Late 2023"]
[White "Rostomyan, Mikayel"]
[Black "Sztokbant, Bernardo Vainzoff"]
[WhiteFideId "13313754"]
[BlackFideId "2115956"]
[WhiteElo "2566"]
[BlackElo "2425"]
[Result "1/2-1/2"]
[Round "5"]
[TimeControl "180+2"]
[Date "2023.07.25"]
[WhiteClock "0:00:05"]
[BlackClock "0:00:03"]
[Board "86"]

1. d4 Nf6 2. Nf3 e6 3. c4 d5 4. g3 dxc4 5. Bg2 Be7 6. O-O O-O 7. Qc2 a6 8. a4 Bd7 9. Qxc4 Bc6 10. Bg5 Nbd7 11. Nc3 a5 12. Bxf6 Nxf6 13. Ne5 Bxg2 14. Kxg2 c6 15. Rfd1 Qb6 16. Rd2 Rad8 17. Rad1 Bb4 18. Qb3 Qc7 19. Nc4 Nd5 20. e4 Nf6 21. e5 Nd5 22. Rd3 Be7 23. Ne4 Nb4 24. R3d2 Rd5 25. Ncd6 f5 26. Nc5 Bxd6 27. Nxe6 Qf7 28. Nxf8 Bxf8 29. Re2 Qe6 30. h4 Kf7 31. Qf3 Kg8 32. h5 Be7 33. Qf4 c5 34. Red2 h6 35. dxc5 Bg5 36. Rxd5 Bxf4 37. Rd8+ Kh7 38. gxf4 Qc4 39. R1d4 Qe2 40. Rf8 Nc6 41. Rd7 Qxh5 42. Rff7 Qg4+ 43. Kf1 h5 44. e6 h4 45. e7 Nxe7 46. Rdxe7 Qd1+ 47. Kg2 Qg4+ 48. Kf1 Qd1+ 49. Kg2 Qg4+ 50. Kf1 1/2-1/2


[Site "https://www.chess.com"]

[Event "Titled Tuesday Blitz July 25 Late 2023"]
[White "Willy, Stephen"]
[Black "Vovk, Orest"]
[WhiteFideId "30981468"]
[BlackFideId "14113490"]
[WhiteElo "2425"]
[BlackElo "2566"]
[Result "0-1"]
[Round "5"]
[TimeControl "180+2"]
[Date "2023.07.25"]
[WhiteClock "0:00:08"]
[BlackClock "0:00:22"]
[Board "87"]

1. e4 g5 2. d4 Nh6 3. Bxg5 Rg8 4. Bc1 c5 5. d5 d6 6. c4 Bg7 7. Qh5 Ng4 8. Qxh7 Kf8 9. Nc3 Rh8 10. Qxh8+ Bxh8 11. Bd2 Bd4 12. Nh3 e5 13. Be2 Qh4 14. O-O Nd7 15. Nb5 Ndf6 16. Nxd4 cxd4 17. Bd3 Bd7 18. f4 Ne3 19. Rf3 Bg4 20. Rf2 Bxh3 21. gxh3 Qxh3 22. fxe5 Nfg4 23. Bf1 Qh4 24. Re2 Nxe5 25. Bxe3 dxe3 26. Rxe3 Ke7 27. Rg3 Rh8 28. Rh3 Rg8+ 29. Kh1 Qxe4+ 0-1


[Site "https://www.chess.com"]

[Event "Titled Tuesday Blitz July 25 Late 2023"]
[White "Rios Escobar, Adan"]
[Black "Fonseca Manrique, Enrique"]
[WhiteFideId "3403645"]
[BlackFideId "5114330"]
[WhiteElo "2419"]
[BlackElo "2560"]
[Result "1-0"]
[Round "5"]
[TimeControl "180+2"]
[Date "2023.07.25"]
[WhiteClock "0:00:06"]
[BlackClock "0:00:01"]
[Board "88"]

1. d4 Nf6 2. g3 g6 3. Bg2 Bg7 4. e4 O-O 5. Ne2 c5 6. dxc5 Qa5+ 7. Nbc3 Qxc5 8. Be3 Qc7 9. h3 Nc6 10. O-O d6 11. g4 Ne5 12. Ng3 Be6 13. g5 Nfd7 14. Nd5 Bxd5 15. Qxd5 Nc4 16. Bc1 Nxb2 17. Rb1 Nb6 18. Qb3 N2c4 19. a4 Rab8 20. h4 Rfc8 21. h5 Ne5 22. Bh3 e6 23. hxg6 hxg6 24. Ba3 Nbc4 25. Bc1 b5 26. f4 bxa4 27. Qa2 Rxb1 28. Qxb1 Nd7 29. f5 exf5 30. exf5 Be5 31. fxg6 fxg6 32. c3 Nf8 33. Ne4 Rb8 34. Qd3 Qc6 35. Nf6+ Kg7 36. Bg2 Qc5+ 37. Kh1 a3 38. Bd5 a2 39. Ne8+ Rxe8 40. Rf7+ Kh8 41. Qh3+ 1-0


[Site "https://www.chess.com"]

[Event "Titled Tuesday Blitz July 25 Late 2023"]
[White "Feng, Eric"]
[Black "Vega Gutierrez, Sabrina"]
[WhiteFideId "30952590"]
[BlackFideId "2219026"]
[WhiteElo "2560"]
[BlackElo "2418"]
[Result "0-1"]
[Round "5"]
[TimeControl "180+2"]
[Date "2023.07.25"]
[WhiteClock "0:01:18"]
[BlackClock "0:01:40"]
[Board "89"]

1. d4 d5 2. c4 e6 3. Nf3 c6 4. g3 dxc4 5. Bg2 b5 6. O-O Bb7 7. a4 a6 8. Nc3 Nf6 9. Qc2 Be7 10. e4 Nbd7 11. Rd1 O-O 12. Bg5 h6 13. Bxf6 Nxf6 14. Ne5 Qc7 15. b3 b4 16. Ne2 c3 17. a5 c5 18. Nc4 cxd4 19. Nxd4 Rad8 20. e5 Bxg2 21. Kxg2 Nd5 22. Rd3 f6 23. Nxe6 Qc6 24. Nxd8 Ne3+ 25. Kh3 Qg2+ 26. Kh4 fxe5+ 27. Kh5 Qh3+ 28. Kg6 Qf5# 0-1


[Site "https://www.chess.com"]

[Event "Titled Tuesday Blitz July 25 Late 2023"]
[White "Graif, William"]
[Black "Rakitic2010"]
[WhiteFideId "2609835"]
[WhiteElo "2558"]
[BlackElo "2417"]
[Result "0-1"]
[Round "5"]
[TimeControl "180+2"]
[Date "2023.07.25"]
[WhiteClock "0:00:05"]
[BlackClock "0:00:15"]
[Board "90"]

1. e4 Nf6 2. e5 Nd5 3. Nf3 d6 4. Bc4 Nb6 5. Bxf7+ Kxf7 6. e6+ Bxe6 7. Ng5+ Ke8 8. Nxe6 Qd7 9. Qg4 Nc6 10. Nc3 Nd8 11. Nxg7+ Bxg7 12. Qxg7 Rf8 13. d3 Qf5 14. Be3 Kd7 15. h3 Ne6 16. Qg4 Qe5 17. O-O-O Rg8 18. Qf3 c6 19. g3 Raf8 20. Qe4 Qa5 21. Qxh7 d5 22. Qh4 Rh8 23. Qg4 Rhg8 24. Qh4 Nc8 25. Kb1 Nd6 26. Qa4 Qxa4 27. Nxa4 d4 28. Bxd4 Nxd4 29. Nc5+ Kc8 30. c3 N4b5 31. Rd2 Nc7 32. Ne4 Nxe4 33. dxe4 Rd8 34. Rhd1 Rxd2 35. Rxd2 Ne6 36. Kc2 Ng5 37. h4 Nxe4 38. Re2 Rg4 39. f3 Nxg3 40. fxg4 Nxe2 41. Kd3 Nf4+ 42. Ke4 Ng6 43. h5 Nf8 44. g5 Kd7 45. g6 Nxg6 46. hxg6 Ke6 47. g7 Kf7 48. Ke5 Kxg7 49. Ke6 Kf8 50. c4 Ke8 51. c5 Kd8 52. b3 b6 53. cxb6 axb6 54. b4 b5 55. a3 Ke8 56. Ke5 Kd7 57. Ke4 Kd6 58. Kd4 e5+ 59. Ke4 Ke6 60. Ke3 Kd5 61. Kd3 e4+ 62. Ke3 Ke5 63. Ke2 Kd4 64. Kd2 Kc4 65. Ke3 Kb3 66. Kxe4 Kxa3 67. Kd3 Kxb4 68. Kc2 c5 0-1


[Site "https://www.chess.com"]

[Event "Titled Tuesday Blitz July 25 Late 2023"]
[White "Dwilewicz, Katarzyna"]
[Black "Golubev, Mikhail"]
[WhiteFideId "1148486"]
[BlackFideId "14100983"]
[WhiteElo "2407"]
[BlackElo "2548"]
[Result "0-1"]
[Round "5"]
[TimeControl "180+2"]
[Date "2023.07.25"]
[WhiteClock "0:00:00"]
[BlackClock "0:00:03"]
[Board "91"]

1. e4 c5 2. Nf3 d6 3. d4 cxd4 4. Nxd4 Nf6 5. Nc3 g6 6. f3 Bg7 7. Be3 a6 8. Qd2 Nbd7 9. O-O-O h5 10. Be2 b5 11. Kb1 Bb7 12. Nb3 Rc8 13. Nd5 Nxd5 14. exd5 Nf6 15. Bd4 O-O 16. Na5 Ba8 17. Nc6 Bxc6 18. dxc6 Rxc6 19. g4 Qc7 20. Bxf6 Bxf6 21. gxh5 Rc8 22. Bd3 g5 23. h4 Rc5 24. Rhg1 d5 25. hxg5 Bg7 26. h6 Bh8 27. g6 fxg6 28. Rxg6+ Kf7 29. Qg5 Qe5 30. Qxe5 Bxe5 31. Rg5 Bf6 32. Rh5 Rh8 33. h7 e6 34. Rg1 Rcc8 35. Bg6+ Ke7 36. Bd3 Rcf8 37. Rh6 Kd6 38. Rhg6 Ke7 39. Rg8 Kd6 40. Kc1 Ke7 41. c3 Kf7 42. Rxf8+ Kxf8 43. Kd2 Kf7 44. Ke3 Bg7 45. Bg6+ Kf6 46. f4 Bh6 47. Bd3 Bg7 48. Rg6+ Kf7 49. Rg2 Bf6 50. Bc2 Ke7 51. Bd3 Kf7 52. a3 Ke7 53. Rg6 Kf7 54. Rg2 Ke7 55. Rg8 Kf7 56. Rg1 Ke7 57. Rg2 Kf7 58. Bc2 Ke7 59. Bd3 Kf7 60. f5 e5 61. b3 Ke7 62. Bc2 Rd8 63. Bd3 Kf7 64. Rg6 Ke7 65. Rg2 Kf7 66. a4 bxa4 67. bxa4 a5 68. Rb2 Bg5+ 69. Ke2 e4 70. Rb7+ Kf6 71. Bb5 Kxf5 72. Rf7+ Kg6 73. Ra7 Rh8 74. Rxa5 Rxh7 75. Be8+ Kf5 76. Rxd5+ Kf4 77. Rd7 Rh2+ 78. Kf1 Ke3 79. Rf7 Ra2 80. Bb5 Ra1+ 81. Kg2 Ra2+ 82. Kg3 Bd8 0-1


[Site "https://www.chess.com"]

[Event "Titled Tuesday Blitz July 25 Late 2023"]
[White "Jaskolka, Tomasz"]
[Black "Haitin, Ilja"]
[WhiteFideId "1170791"]
[BlackFideId "4501764"]
[WhiteElo "2542"]
[BlackElo "2390"]
[Result "1-0"]
[Round "5"]
[TimeControl "180+2"]
[Date "2023.07.25"]
[WhiteClock "0:01:19"]
[BlackClock "0:01:03"]
[Board "92"]

1. e4 b6 2. d4 Bb7 3. Nc3 e6 4. Bd3 d6 5. Nf3 g6 6. O-O Bg7 7. a4 a6 8. Be3 Ne7 9. Qd2 h6 10. Rfe1 Nd7 11. Rad1 Nf6 12. h3 g5 13. e5 Nfd5 14. Nxd5 Bxd5 15. Be2 Nf5 16. c4 Bb7 17. exd6 Qxd6 18. d5 Nxe3 19. Qxe3 O-O 20. dxe6 Qxe6 21. Qxe6 fxe6 22. Rd7 Rf7 23. Red1 Bc6 24. Rxf7 Kxf7 25. b3 Ke7 26. Nd4 Bb5 27. axb5 Bxd4 28. Rxd4 axb5 29. cxb5 Ra1+ 30. Kh2 Rb1 31. Bc4 Rb2 32. Re4 Kf6 33. Rxe6+ Kg7 34. Rc6 1-0


[Site "https://www.chess.com"]

[Event "Titled Tuesday Blitz July 25 Late 2023"]
[White "Principe, Alexander"]
[Black "DampFalcon"]
[WhiteFideId "3804542"]
[WhiteElo "2535"]
[BlackElo "2383"]
[Result "1-0"]
[Round "5"]
[TimeControl "180+2"]
[Date "2023.07.25"]
[WhiteClock "0:00:57"]
[BlackClock "0:00:03"]
[Board "93"]

1. e4 c5 2. Nf3 g6 3. d4 cxd4 4. Nxd4 Nc6 5. Nc3 Bg7 6. Nb3 Nf6 7. Bd3 d6 8. O-O O-O 9. Bg5 a6 10. a4 Be6 11. f3 Ne5 12. Be3 Nc4 13. Bxc4 Bxc4 14. Rf2 Rc8 15. Nd4 e5 16. Nb3 Qc7 17. Rd2 Rfd8 18. a5 Qc6 19. Ra4 Bb5 20. Rb4 Bc4 21. Rb6 Qc7 22. Rdxd6 Rxd6 23. Qxd6 Bxb3 24. cxb3 Qxd6 25. Rxd6 Kf8 26. b4 Ke7 27. Bc5 Nd7 28. Nd5+ Kd8 29. Nb6 Rc7 30. Nd5 Rc6 31. Bb6+ Kc8 32. Ne7+ Kb8 33. Nxc6+ bxc6 34. Rxd7 c5 35. bxc5 1-0


[Site "https://www.chess.com"]

[Event "Titled Tuesday Blitz July 25 Late 2023"]
[White "Cooklev, Steven"]
[Black "Przybylski, Wojciech"]
[WhiteFideId "2050552"]
[BlackFideId "1117599"]
[WhiteElo "2378"]
[BlackElo "2535"]
[Result "0-1"]
[Round "5"]
[TimeControl "180+2"]
[Date "2023.07.25"]
[WhiteClock "0:00:02"]
[BlackClock "0:00:09"]
[Board "94"]

1. e4 c5 2. Nf3 d6 3. d4 cxd4 4. Nxd4 Nf6 5. Nc3 a6 6. Be3 e6 7. Be2 Be7 8. O-O O-O 9. a4 Nc6 10. f4 Bd7 11. Kh1 Nxd4 12. Qxd4 Bc6 13. a5 Nd7 14. Qd3 Qc7 15. Bf3 Rfd8 16. Na4 Nc5 17. Nxc5 dxc5 18. Qc3 Bb5 19. Rfd1 h6 20. b4 e5 21. fxe5 c4 22. Rd5 Re8 23. Bb6 Qc6 24. Rad1 Qg6 25. h3 h5 26. e6 fxe6 27. Bxh5 Qxe4 28. Bxe8 exd5 29. Bxb5 axb5 30. Re1 Bf6 31. Qd2 Qf5 32. Rd1 Re8 33. Qxd5+ Qxd5 34. Rxd5 Re2 35. Rxb5 Rxc2 36. Bc7 c3 37. Rxb7 Ra2 38. b5 c2 39. Bf4 Rxa5 40. b6 Ra4 41. Bd2 Rd4 42. Be3 Rd3 43. Bf4 Rd4 44. Be3 Rd1+ 45. Kh2 Re1 46. Bd2 Rd1 47. Be3 Be5+ 48. g3 Re1 49. Bd2 Re2+ 50. Kg1 Rxd2 51. Re7 c1=Q# 0-1


[Site "https://www.chess.com"]

[Event "Titled Tuesday Blitz July 25 Late 2023"]
[White "Martins, Bruno Andre Leite"]
[Black "Tarasova, Viktoriya"]
[WhiteFideId "1942255"]
[BlackFideId "4175840"]
[WhiteElo "2535"]
[BlackElo "2377"]
[Result "0-1"]
[Round "5"]
[TimeControl "180+2"]
[Date "2023.07.25"]
[WhiteClock "0:00:03"]
[BlackClock "0:00:01"]
[Board "95"]

1. d4 Nf6 2. c4 e6 3. Nf3 b6 4. Nc3 Bb4 5. Qc2 Bb7 6. g3 O-O 7. Bg2 d6 8. O-O Nbd7 9. a3 Bxc3 10. Qxc3 Be4 11. b4 c6 12. Bb2 Rc8 13. Rfe1 d5 14. Rac1 Qe7 15. Bh3 h6 16. Nd2 Bg6 17. Bg2 Rfd8 18. Qb3 Ne4 19. Nxe4 Bxe4 20. f3 Bg6 21. e4 dxc4 22. Qxc4 f6 23. Qb3 Bf7 24. Qa4 Nb8 25. Red1 e5 26. dxe5 fxe5 27. Qc2 Rxd1+ 28. Rxd1 c5 29. Qc3 Nc6 30. bxc5 bxc5 31. f4 Nd4 32. Kh1 Rb8 33. a4 Rb3 34. Qc1 exf4 35. Bxd4 cxd4 36. Qc8+ Kh7 37. gxf4 d3 38. e5 Bg6 39. Qg4 Qf7 40. Qg3 d2 41. h3 Rxg3 0-1


[Site "https://www.chess.com"]